 Dungeon Crawl Stone Soup version 0.26-b1-32-g5d43845318 (webtiles) character file.

Game seed: 7296327698265936295

5856 Borgoz the Basher (level 10, 0/65 HPs)
             Began as a Gargoyle Gladiator on Jan 12, 2021.
             Splashed by Erica's acid (11 damage)
             ... on level 8 of the Dungeon.
             The game lasted 00:14:33 (8092 turns).

Borgoz the Basher (Gargoyle Gladiator)              Turns: 8092, Time: 00:14:34

Health: 0/65       AC: 15    Str: 21    XL:     10   Next: 81%
Magic:  10/10      EV: 16    Int:  8    God:
Gold:   555        SH:  0    Dex: 18    Spells: 9/9 levels left

rFire    . . .     SeeInvis .   m - +2 dire flail
rCold    + . .     Faith    .   (shield currently unavailable)
rNeg     + . .     Spirit   .   t - +1 scale mail {rC+}
rPois    ∞         Reflect  .   c - +1 helmet
rElec    +         Harm     .   o - +0 cloak
rCorr    .         Rampage  .   i - +0 pair of gloves
Will     .....                  p - +0 pair of boots
Stlth    +.........             (no amulet)
HPRegen  0.20/turn              k - +6 ring of dexterity
MPRegen  0.12/turn              l - ring of stealth

@: confused, corroded
A: negative energy resistance 1, electricity resistance, unbreathing,
petrification resistance, miasma immunity, AC +7
a: no special abilities


You were on level 8 of the Dungeon.
You visited 2 branches of the dungeon, and saw 9 of its levels.
You also visited: Ossuary.

You collected 555 gold pieces.

Inventory:

Hand Weapons
 m - a +2 dire flail (weapon)
Armour
 c - a +1 helmet (worn)
 i - a +0 pair of gloves (worn)
 o - a +0 cloak (worn)
 p - a +0 pair of boots (worn)
 t - a +1 scale mail of cold resistance (worn)
Jewellery
 k - a +6 ring of dexterity (left hand)
 l - a ring of stealth (right hand)
Wands
 b - a wand of iceblast (18)
Scrolls
 e - 2 scrolls of fog
 f - 8 scrolls of teleportation
 g - 7 scrolls of remove curse
 j - a scroll of enchant weapon
 n - 2 scrolls of fear
 s - a scroll of blinking
 y - 2 scrolls of magic mapping
Potions
 a - a potion of resistance {unknown}
 h - 6 potions of brilliance
 q - 2 potions of flight
 u - 6 potions of curing
 v - a potion of berserk rage {unknown}
 z - a potion of mutation {unknown}


   Skills:
 + Level 8.9 Fighting
 * Level 10.1 Maces & Flails
 - Level 1.7 Throwing
 + Level 8.5 Armour
 + Level 8.4 Dodging


You had 9 spell levels left.
You didn't know any spells.
Your spell library contained the following spells:

 Spells                   Type           Power        Failure   Level
 Sting                    Tmut/Pois      0%           71%         1
 Poisonous Vapours        Pois/Air       0%           83%         2
 Ignite Poison            Fire/Tmut/Pois 0%           97%         3
 Mephitic Cloud           Conj/Pois/Air  0%           97%         3
 Olgreb's Toxic Radiance  Pois           0%           100%        4


Dungeon Overview and Level Annotations

Branches:
Dungeon (8/15)             Temple (1/1) D:6         Ossuary (visited)
   Lair: D:8-11

Altars:
Ashenzari
Cheibriados
Elyvilon
Fedhas
Gozag
Hepliaklqana
Kikubaaqudgha
Makhleb
Nemelex Xobeh
Okawaru
Qazlal
Ru
Sif Muna
Trog
Uskayaw
Vehumet
Wu Jian
Xom
Zin
The Shining One

Shops:
D:4 =   D:6 =   D:7 !

Annotations:
D:8 Erica


Innate Abilities, Weirdness & Mutations

You are resistant to torment.
Your stone body is resilient. (AC +7)
You are immune to poison.
You resist negative energy. (rN+)
You are resistant to electric shocks. (rElec)
You can survive without breathing.
You are immune to petrification.
You are immune to miasma.


Message History

You puncture Gastronok!
You kill Gastronok!
Something hits you. Something burns you.
Your Maces & Flails skill increases to level 10!
Okay, then.
You hear some strange, mumbled words.
You are confused.
You hear a zap.
A bolt of acid appears from out of thin air!
The bolt of acid hits you. The acid corrodes you!
You are splashed with acid!
* * * LOW HITPOINT WARNING * * *
Something hits you.
* * * LOW HITPOINT WARNING * * *
Something burns you.
* * * LOW HITPOINT WARNING * * *
You hear a zap.
A bolt of acid appears from out of thin air!
The bolt of acid hits you but does no damage.
The acid corrodes you!
You are splashed with acid!
You die...

########## #######
.......... .......
#........# ######
#######........ #
.###............###########
................#..........
#...[[.......#..........
+...<[.......#.........[
##....).@..[..#..........
>........([.........#####..
####........{....#...# #..
#.............#...## #..
#.............#....# #.#
#.............#....###+#
..................r......
############..........)..
#.........r...


There were no monsters in sight!

Vanquished Creatures
  Gastronok (D:8)
  Grinder (D:3)
  A water moccasin (D:5)
  An ice beast (D:8)
  An orc warrior (D:8)
  A sky beast (D:5)
  A black bear (D:8)
  A hornet zombie (D:5)
  A phantom (D:4)
  An ogre (D:5)
  2 centaurs
  2 elf zombies (Ossuary)
  A bullfrog (D:7)
  5 scorpions
  8 wights
  A bullfrog zombie (D:6)
  2 human zombies (Ossuary)
  3 hounds
  A jelly (D:7)
  A gnoll shaman (D:4)
  2 orc priests
  3 bullfrog skeletons
  A centaur skeleton (D:5)
  7 orc wizards
  4 worker ants
  2 big kobold zombies (Ossuary)
  A hound skeleton (D:6)
  4 mummies (Ossuary)
  A worker ant zombie (D:6)
  Robin (D:2)
  13 gnolls
  15 adders
  2 shadow imps
  A white imp (D:8)
  4 adder skeletons
  An adder zombie (Ossuary)
  5 worms
  A dart slug (D:3)
  9 leopard geckos
  43 orcs
  5 ball pythons
  4 giant cockroaches
  13 goblins
  11 hobgoblins
  2 jackals (D:1)
  4 quokkas
  9 bats
  4 frilled lizards
  A goblin zombie (Ossuary)
  2 hobgoblin zombies (Ossuary)
  A jackal zombie (Ossuary)
  13 kobolds
  A leopard gecko skeleton (D:4)
  A quokka skeleton (D:5)
  6 rats
  A rat zombie (Ossuary)
234 creatures vanquished.

Vanquished Creatures (others)
  A quokka (D:2)
1 creature vanquished.

Grand Total: 235 creatures vanquished

Notes
Turn   | Place    | Note
-------+----------+-------------------------------------------
     0 | D:1      | Borgoz the Gargoyle Gladiator began the quest for the Orb.
     0 | D:1      | Reached XP level 1. HP: 12/12 MP: 1/1
    33 | D:1      | Reached XP level 2. HP: 6/18 MP: 2/2
   406 | D:1      | Reached skill level 1 in Armour
   463 | D:1      | Reached XP level 3. HP: 22/22 MP: 3/3
   883 | D:2      | Found a glowing golden altar of the Shining One.
  1013 | D:2      | Reached XP level 4. HP: 27/27 MP: 4/4
  1107 | D:2      | Reached skill level 4 in Maces & Flails
  1492 | D:2      | Found a white marble altar of Elyvilon.
  1657 | D:2      | Reached XP level 5. HP: 23/32 MP: 5/5
  1928 | D:2      | Noticed Robin
  1936 | D:2      | Killed Robin
  2264 | D:2      | Found a hazy altar of Hepliaklqana.
  2265 | D:2      | Found a glowing silver altar of Zin.
  2915 | D:3      | Reached XP level 6. HP: 27/37 MP: 6/6
  3003 | D:3      | Noticed Grinder
  3016 | D:3      | Paralysed by Grinder for 4 turns
  3034 | D:3      | Paralysed by Grinder for 4 turns
  3040 | D:3      | Paralysed by Grinder for 5 turns
  3060 | D:3      | Paralysed by Grinder for 3 turns
  3093 | D:3      | Killed Grinder
  3094 | D:3      | Reached skill level 5 in Maces & Flails
  3094 | D:3      | Reached XP level 7. HP: 11/43 MP: 7/7
  4053 | D:4      | Reached skill level 6 in Maces & Flails
  4149 | D:4      | Found Qevvoicw's Jewellery Boutique.
  4430 | D:4      | Found a white marble altar of Elyvilon.
  4547 | D:4      | Reached XP level 8. HP: 48/48 MP: 8/8
  4662 | D:5      | Entered Level 5 of the Dungeon
  4733 | D:5      | Reached skill level 5 in Fighting
  4814 | D:5      | Found a sand-covered staircase.
  4819 | Ossuary  | Entered an ossuary
  4833 | Ossuary  | Reached skill level 7 in Maces & Flails
  4859 | Ossuary  | Reached skill level 8 in Maces & Flails
  4859 | Ossuary  | Reached XP level 9. HP: 10/59 MP: 9/9
  4911 | Ossuary  | Reached skill level 9 in Maces & Flails
  5951 | D:6      | Found a staircase to the Ecumenical Temple.
  6090 | D:6      | Reached XP level 10. HP: 43/64 MP: 10/10
  6223 | Temple   | Entered the Ecumenical Temple
  6352 | D:6      | Found Lorchenk's Jewellery Shoppe.
  6889 | D:7      | Found a stormy altar of Qazlal.
  7039 | D:7      | Found Fodisyph's Distillery.
  7451 | D:8      | Noticed Gastronok
  7836 | D:8      | Noticed Erica
  8087 | D:8      | Killed Gastronok
  8088 | D:8      | Reached skill level 10 in Maces & Flails
  8092 | D:8      | Splashed by Erica's acid

Illustrated notes

Levels and vault maps discovered:
D:1:      scummos_arrival_star, layout_rooms, serial_glass, glass_columns_b,
          glass_columns_a, glass_columns_a, glass_columns_a, glass_columns_b,
          glass_columns_a, glass_columns_a, glass_columns_c, glass_columns_a,
          glass_columns_a
D:2:      layout_loops_corners, gammafunk_temple_overflow_statue,
          lemuel_doored_altar, hangedman_decor_points, elyvilon_altar_4,
          uniq_robin
D:3:      layout_rooms, serial_co_window_serial, co_window_paths_b,
          co_window_corner_a, co_window_paths_a, co_window_paths_a,
          co_window_paths_a, co_window_paths_b, co_window_corner_a,
          co_window_of_opportunity_b, co_window_broadway_c,
          co_window_broadway_b, co_window_2corner, co_window_paths_d,
          glass_columns_a, chequers_serial_rivers_micro_d, uniq_grinder
D:4:      layout_loops_ring, kennysheep_mini, serial_shops, shop,
          saegor_snake_ambush
D:5:      layout_basic, enter_ossuary_2
D:6:      layout_rooms, nicolae_overflow_hidden_temple,
          minmay_temple_entry_mini_moons, serial_shops, nicolae_shop_waterfront,
          minmay_chambers_of_fives
D:7:      layout_loops_ring, lemuel_crystal_altar, serial_shops, shop
D:8:      layout_basic, special_room [special_room_orc],
          minmay_misc_feat_diagonals, chequers_arboretum, uniq_gastronok,
          uniq_erica, uniq_psyche, uniq_maurice
Temple:   regret_index_temple_waves

Skill      XL: |  1  2  3  4  5  6  7  8  9 10 |
---------------+-------------------------------+-----
Armour         | 1 2 3 4 7 8 |  8.5
Fighting       | 3 4 8 |  8.9
Maces & Flails | 4 5 6 8 9 10 | 10.1
Dodging        | 3 4 7 8 |  8.4
Throwing       | |  1.7

Action                   |  1- 3 |  4- 6 |  7- 9 | 10-12 || total
-------------------------+-------+-------+-------+-------++-------
Melee: Flail             |   114 |   202 |   156 |       ||   472
       Dire flail        |       |       |   186 |   204 ||   390
Throw: Throwing net      |     1 |     1 |       |     1 ||     3
  Use: Scroll            |     8 |     2 |    10 |     3 ||    23
       Potion            |       |     5 |     3 |       ||     8
 Stab: Held in net/web   |     1 |       |       |     5 ||     6
       Sleeping          |       |     6 |     7 |     3 ||    16
       Distracted        |       |     1 |       |       ||     1
Armor: Leather armour    |    67 |    60 |     3 |       ||   130
       Ring mail         |       |       |   132 |    47 ||   179
       Scale mail        |       |       |       |    23 ||    23
Dodge: Dodged            |   104 |   109 |   270 |   160 ||   643
